 Dungeon Crawl Stone Soup version 0.30-a0-956-gcec3b41aec (webtiles) character file.

Game seed: 8298984919735566512

101 mopl the Ruffian (level 4, -1/40 (41) HPs)
             Began as a Troll Warper on Mar 29, 2023.
             Slain by Pikel
             ... wielding a +2 whip of electrocution
              (18 damage)
             ... on level 3 of the Dungeon.
             The game lasted 00:02:47 (2137 turns).

mopl the Ruffian (Troll Warper)                     Turns: 2137, Time: 00:02:47

HP:   -1/40 (41)    AC:  4    Str: 19    XL:     4   Next: 48%
MP:   13/13         EV: 10    Int:  9    God:
Gold: 67            SH:  0    Dex: 11    Spells: 2/5 levels left

rFire   . . .      SeeInvis .      - Unarmed
rCold   . . .      Faith    .    (no shield)
rNeg    . . .      Spirit   .    a - +0 robe
rPois   .          Reflect  .    (helmet restricted)
rElec   .          Rampage  .    (no cloak)
rCorr   .                        (gloves unavailable)
Will    .....                    (boots unavailable)
Stlth   +                        (no amulet)
HPRegen 1.06/turn                n - ring of magical power
MPRegen 0.13/turn                o - ring of wizardry

@: lightly drained
A: large, unfitting armour, claws 3, regeneration 1, shaggy fur 1, tough skin 1
a: no special abilities


You were on level 3 of the Dungeon.
You visited 1 branch of the dungeon, and saw 4 of its levels.

You collected 145 gold pieces.
You spent 78 gold pieces at shops.

Inventory:

Missiles
 c - 7 boomerangs of dispersal (quivered)
Armour
 a - a +0 robe (worn)
Jewellery
 n - a ring of magical power (left claw)
 o - a ring of wizardry (right claw)
Scrolls
 b - a scroll of blinking
 e - 2 scrolls of teleportation {unknown}
 f - a scroll of brand weapon {unknown}
 g - a scroll of immolation {unknown}
 h - a scroll of vulnerability {unknown}
 i - a scroll of fog {unknown}
 j - 3 scrolls of identify {unknown}
 l - a scroll of enchant weapon {unknown}
 m - a scroll of magic mapping {unknown}
Potions
 d - 2 potions of brilliance {unknown}
 k - a potion of magic {unknown}
 p - a potion of attraction
 q - a potion of curing
 r - a potion of heal wounds {unknown}


   Skills:
 - Level 1.5 Fighting
 - Level 0.8 Throwing
 - Level 1.9 Dodging
 * Level 4.8 Unarmed Combat
 - Level 1.2 Spellcasting
 - Level 2.1 Translocations


You had 2 spell levels left.
You knew the following spells:

 Your Spells              Type           Power      Damage    Failure   Level
a - Blink                 Tloc           8%         N/A       9%          2
b - Apportation           Tloc           8%         N/A       6%          1

Your spell library contained the following spells:

 Spells                   Type           Power      Damage    Failure   Level
 Lesser Beckoning         Tloc           8%         N/A       9%          2
 Sandblast                Erth           0%         2d4       16%         1
 Passwall                 Tmut/Erth      0%         N/A       22%         2
 Sublimation of Blood     Necr           0%         N/A       22%         2
 Wereblood                Tmut           0%         N/A       22%         2
 Teleport Other           Tloc           4%         N/A       17%         3
 Vhi's Electric Charge    Tloc/Air       4%         N/A       26%         3
 Stone Arrow              Conj/Erth      0%         3d7       38%         3
 Manifold Assault         Tloc           4%         N/A       47%         4
 Alistair's Intoxication  Tmut/Pois      0%         N/A       98%         5
 Summon Hydra             Summ           0%         N/A       100%        7


Dungeon Overview and Level Annotations

Branches:
Dungeon (4/15)
 Temple: D:4-7

Altars:

Shops:
D:2 ![[

Annotations:
D:3 Pikel


Innate Abilities, Weirdness & Mutations

You are too large for most types of armour.
You have claws for hands.
Your natural rate of healing is unusually fast.
You are covered in fur. (AC +1)
You have tough skin. (AC +1)


Message History

The orc completely misses you.
You closely miss the orc.
The orc hits you with a +2 whip of draining!
You feel drained. The orc hits you with a +0 hand axe.
You scratch the orc.
The orc is heavily wounded.
The orc hits you with a +2 whip of draining.
You feel drained. The orc closely misses you.
You claw the orc!
You kill the orc!
The orc closely misses you.
You claw the orc!
You kill the orc!
No target in view!
No target in view!
Things that are here:
a +0 hand axe; a +0 chain mail; a +0 dagger You see here a +2 whip of draining.
There is a stone staircase leading up, spattered with blood here.
HP restored.
Pikel and 2 lemures come into view.
Pikel is wielding a +2 whip of electrocution.
The lemure shouts! x2; You hear a shout!
A lemure comes into view.
Pikel shouts!
Things that are here:
a +0 hand axe; a +0 chain mail; a +0 dagger
There is a stone staircase leading up, spattered with blood here.
Pikel says, "Hell isn't that bad."
Pikel hits you with a +2 whip of electrocution!
You climb upwards.
There is a stone staircase leading down here.
You barely miss Pikel.
Pikel hits you with a +2 whip of electrocution!
You miss Pikel.
Pikel hits you with a +2 whip of electrocution!
You closely miss Pikel.
Pikel hits you with a +2 whip of electrocution.
You are electrocuted!!
You die...

##################.# #.
#................#.# #.
##.#....#########.#.# #.
#...........#.....#.# #.
#.......###.#.....#.# #.
#########....#.####.#.....#)# #.
.......##....#.#....#.....#.# #.
..÷....##....#.#.####.....#.# #.
.......###.###.#@K..'.....#.# #.
..÷..............####....)#.# #.
................<.#..)....#.# #.
######............#.....#.#.####.
### #............#######[#.#....
..# #....................#.#.#..
..# #...........########.#.#.#..
..# #...........# #.#.#.... ..#
#########...# #.#.#....


You could see Pikel.

Vanquished Creatures
  2 adders (D:3)
  2 worms (D:3)
  2 dart slugs (D:2)
  3 orcs (D:4)
  6 ball pythons
  9 endoplasms
  4 giant cockroaches
  5 goblins
  4 hobgoblins
  7 jackals
  5 kobolds
  2 quokkas
  3 bats
  4 frilled lizards
  7 rats
65 creatures vanquished.

Notes
Turn   | Place    | Note
-------+----------+-------------------------------------------
     0 | D:1      | mopl the Troll Warper began the quest for the Orb.
     0 | D:1      | Reached XP level 1. HP: 19/19 MP: 1/1
    50 | D:1      | Reached XP level 2. HP: 27/27 MP: 2/2
    93 | D:1      | Reached skill level 3 in Unarmed Combat
   304 | D:1      | Reached XP level 3. HP: 33/33 MP: 3/3
   651 | D:2      | Found Nexofehe's Antique Armour Boutique.
   659 | D:2      | Found Cuesomef's General Store.
   906 | D:2      | Learned a level 1 spell: Apportation
   909 | D:2      | Learned a level 2 spell: Blink
   961 | D:2      | Found Biyhinub's Antique Armour Shop.
  1040 | D:2      | Reached skill level 4 in Unarmed Combat
  1259 | D:2      | Found Sijoammaixu's Distillery.
  1270 | D:2      | Bought a potion of attraction for 39 gold pieces
  1270 | D:2      | Bought a potion of curing for 39 gold pieces
  1428 | D:3      | Identified the +6 hand axe of Greatest Utility {speed,
                  | Fragile rC- Will+++ Int+7}
  1495 | D:3      | Identified the +1 helmet of Mih Fuirr {rPois rC+ Dex+5}
  1580 | D:3      | Reached XP level 4. HP: 26/41 MP: 4/4
  2110 | D:4      | Noticed Pikel
  2110 | D:4      | Noticed a lemure
  2110 | D:4      | Noticed a lemure
  2110 | D:4      | Noticed a lemure
  2137 | D:3      | Slain by Pikel

Illustrated notes

Levels and vault maps discovered:
D:1:      spicycebolla_arrival_transporter_tutorial, layout_basic,
          kennysheep_doodads, chequers_serial_rivers_micro_d
D:2:      layout_basic, serial_shops, shop, shop, nicolae_shop_statue_plus,
          nicolae_shop_competitors_out_of_business, kennysheep_generic_room_7
D:3:      wander_river, layout_basic, feat_on_display
D:4:      layout_basic, ashenzari_altar_1, grunt_temple_overflow_open,
          cheibrodos_worm_habitat, kennysheep_generic_room_8, uniq_pikel,
          uniq_crazy_yiuf_cottage

Skill      XL: |  1  2  3 |
---------------+----------+-----
Unarmed Combat | 3 4 |  4.8
Fighting       | |  1.5
Throwing       | |  0.8
Dodging        | |  1.9
Spellcasting   | |  1.2
Translocations | |  2.1

Action                     |  1- 3 |  4- 6 || total
---------------------------+-------+-------++-------
  Melee: Unarmed           |   148 |    43 ||   191
         Punch             |       |     1 ||     1
   Stab: Sleeping          |     1 |     1 ||     2
 Armour: Robe              |    47 |    12 ||    59
  Dodge: Dodged            |    79 |    19 ||    98

Table legend: (Time is in decaauts)
 A = Elapsed time spent in this place.
 B = Non-inter-level travel time spent in this place.
 C = Inter-level travel time spent in this place.
 D = Time resting spent in this place.
 E = Time spent auto-exploring this place.
 F = Levels seen in this place.
 G = Mean time per level.
                   A        B        C        D        E       F      G
               +--------+--------+--------+--------+--------+-----+--------+
         Total |   2122 |   2024 |     98 |      0 |   1576 |   4 |  530.5 |
       Dungeon |   2122 |   2024 |     98 |      0 |   1576 |   4 |  530.5 |
               +--------+--------+--------+--------+--------+-----+--------+

Top non-repeatable levels by time:
     D:2: 816 daAuts
     D:3: 632 daAuts
     D:1: 600 daAuts
     D:4: 74 daAuts
